 Dungeon Crawl Stone Soup version 0.27.1-33-g824d729ab1 (webtiles) character file.

Game seed: 2737621018106422543

35 Atelerd the Sneak (level 3, -2/21 HPs)
             Began as an Octopode Earth Elementalist on Dec 22, 2021.
             Slain by a black bear (5 damage)
             ... on level 2 of the Dungeon.
             The game lasted 00:01:12 (1358 turns).

Atelerd the Sneak (Octopode Earth Elementalist)     Turns: 1358, Time: 00:01:13

Health: -2/21      AC:  1    Str:  7    XL:     3   Next: 35%
Magic:  2/6        EV: 13    Int: 18    God:
Gold:   43         SH:  0    Dex: 12    Spells: 5/6 levels left

rFire    . . .     SeeInvis .   a - +0 short sword
rCold    . . .     Faith    .   (no shield)
rNeg     . . .     Spirit   .   (helmet restricted)
rPois    .         Reflect  .   (no amulet)
rElec    .         Harm     .   (no ring)
rCorr    .         Rampage  .   (no ring)
Will     .....                  (no ring)
Stlth    +++.......             (no ring)
HPRegen  0.07/turn              (no ring)
MPRegen  0.10/turn              (no ring)
                                (no ring)
                                (no ring)

@: no status effects
A: almost no armour, amphibious, 8 rings, camouflage 1, gelatinous body 1,
(nimble swimmer 1), tentacles
a: no special abilities


You were on level 2 of the Dungeon.
You visited 1 branch of the dungeon, and saw 2 of its levels.

You collected 43 gold pieces.

Inventory:

Hand Weapons
 a - a +0 short sword (weapon)
Missiles
 b - 32 stones
Scrolls
 c - a scroll of summoning {unknown}
 d - a scroll of immolation {unknown}
 e - a scroll of blinking {unknown}
 f - a scroll of brand weapon {unknown}
 i - a scroll of identify {unknown}
Potions
 g - a potion of lignification {unknown}
 h - a potion of curing {unknown}
 j - a potion of haste {unknown}


   Skills:
 - Level 2.0 Dodging
 * Level 3.8 Stealth
 + Level 2.3 Spellcasting
 + Level 1.6 Transmutations
 + Level 3.3 Earth Magic


You had 5 spell levels left.
You knew the following spells:

 Your Spells              Type           Power      Damage    Failure   Level
a - Sandblast             Erth           28%        2d8       4%          1

Your spell library contained the following spells:

 Spells                   Type           Power      Damage    Failure   Level
 Passwall                 Tmut/Erth      8%         N/A       10%         2
 Stone Arrow              Conj/Erth      16%        3d8       26%         3
 Petrify                  Tmut/Erth      10%        N/A       54%         4


Dungeon Overview and Level Annotations

Branches:
Dungeon (2/15)

Altars:


Innate Abilities, Weirdness & Mutations

You cannot wear most types of armour.
You are amphibious.
You can wear up to eight rings at the same time.
Your skin changes colour to match your surroundings (Stealth+).
Your rubbery body absorbs attacks. (AC +1, EV +1)
((You are camouflaged near water. (Stealth+)))
You have tentacles for arms and can constrict up to eight enemies at once.


Message History

HP restored.
b - 36 stones (gained 20)
Found a stone staircase leading down.
No target in view!
A rat comes into view.
Found a stone staircase leading down.
A black bear comes into view.
The black bear growls angrily.
There are monsters nearby!
There are monsters nearby!
There are monsters nearby!
Found a stone staircase leading up.
The blast of sand hits the rat.
You kill the rat!
The blast of sand hits the black bear.
The black bear is lightly wounded.
The blast of sand hits the black bear!
The black bear is moderately wounded.
The black bear bites you! The black bear barely misses you.
The black bear claws you.
You closely miss the black bear. You grab the black bear.
You squeeze the black bear!
The black bear is heavily wounded.
You constrict the black bear, but do no damage.
The black bear barely misses you. The black bear claws you.
The black bear closely misses you.
A frilled lizard comes into view.
Casting: Sandblast (safe; 4% risk of failure)
Confirm with . or Enter, or press ? or * to list all spells.
Aiming: Sandblast (safe; 4% risk of failure)
Press: ? - help, Shift-Dir - straight line, f/p - black bear
Aim: a black bear (heavily wounded, constricted by you, 100% to hit)
The blast of sand hits the black bear.
The black bear is severely wounded.
You constrict the black bear, but do no damage.
The black bear bites you.
* * * LOW HITPOINT WARNING * * *
The black bear claws you but does no damage.
The black bear claws you.
You die...

##....l....
....<.....
..........
#.....>...
#.....>...
#.........
#.†.......
#.@h......
#.........
######.........
##<............#
##.............##
#...............#
#...............#
#...............#
#................


You could see a black bear and a frilled lizard.

Vanquished Creatures
  A dart slug (D:1)
  2 ball pythons
  4 endoplasms
  A giant cockroach (D:1)
  6 goblins (D:1)
  4 hobgoblins (D:1)
  3 bats (D:1)
  2 frilled lizards (D:1)
  4 kobolds (D:1)
  2 rats
29 creatures vanquished.

Vanquished Creatures (others)
  A fungus (D:1)
  A plant (D:1)
  4 toadstools (D:1)
6 creatures vanquished.

Grand Total: 35 creatures vanquished

Notes
Turn   | Place    | Note
-------+----------+-------------------------------------------
     0 | D:1      | Atelerd the Octopode Earth Elementalist began the quest for
                  | the Orb.
     0 | D:1      | Reached XP level 1. HP: 11/11 MP: 3/3
   178 | D:1      | Reached XP level 2. HP: 17/17 MP: 5/5
   782 | D:1      | Reached XP level 3. HP: 20/21 MP: 3/6
  1185 | D:1      | Found a faded altar of an unknown god.
  1351 | D:2      | Noticed a black bear
  1358 | D:2      | Slain by a black bear

Illustrated notes

Levels and vault maps discovered:
D:1:      ldierk_walled_garden_2, layout_loops_ring,
          shapermc_ecumenical_altar_acropolis, minmay_hedge_maze,
          minmay_misc_feat_hallway, minmay_hexomino_c4
D:2:      layout_rooms, basic_altar, uniq_sigmund

Skill      XL: |  1 |
---------------+----+-----
Stealth        | 3 |  3.8
Dodging        | |  2.0
Spellcasting   | |  2.3
Transmutations | |  1.6
Earth Magic    | |  3.3

Action                   || total
-------------------------++-------
Melee: Short sword       ||    44
       Tentacles         ||     9
       Unarmed           ||     2
       Constrict         ||     8
 Cast: Sandblast         ||    24
 Stab: Sleeping          ||     7
Armor: Skin              ||     3
Dodge: Dodged            ||    21
